 Dungeon Crawl Stone Soup version 0.17-a0-1997-ga88ed7d (webtiles) character file.

487 Banto the Slicer (level 7, 0/42 HPs)
             Began as a Halfling Artificer on Oct 8, 2015.
             Slain by an orc warrior
             ... wielding a +0 battleaxe
              (3 damage)
             ... on level 3 of the Dungeon.
             The game lasted 00:09:41 (4980 turns).

Banto the Slicer (Halfling Artificer)               Turns: 4980, Time: 00:09:41

Health: 0/42       AC:  3    Str: 11    XL:     7   Next: 36%
Magic:  10/10      EV: 14    Int: 11    God:
Gold:   46         SH:  0    Dex: 17    Spells: 0 memorised, 6 levels left

rFire  . . .     SeeInvis .     a - +1 short sword
rCold  . . .     Clarity  .     b - +0 leather armour
rNeg   + . .     SustAt   .     (shield restricted)
rPois  .         Gourm    .     (no helmet)
rElec  .         Spirit   .     (no cloak)
rCorr  .         Warding  .     (no gloves)
rMut   .         Stasis   .     (no boots)
MR     .....                    (no amulet)
Stlth  ++........               (no ring)
                                i - ring of positive energy

@: not resistant to hostile enchantments, unstealthy
A: mutation resistance 1
a: no special abilities


You were on level 3 of the Dungeon.
You were not hungry.

You visited 1 branch of the dungeon, and saw 4 of its levels.

You collected 46 gold pieces.

Inventory:

Hand Weapons
 a - a +1 short sword (weapon)
 r - a cursed -2 dagger
Missiles
 q - 66 stones (quivered)
Armour
 b - a +0 leather armour (worn)
Jewellery
 i - a ring of positive energy (left hand)
Wands
 c - a wand of flame (9)
 d - a wand of enslavement (12)
 e - a wand of random effects (3)
Scrolls
 g - 2 scrolls of teleportation
Potions
 h - 2 potions of resistance
 l - a potion of flight {unknown}
 n - a potion of haste {unknown}
 o - 2 potions of curing
 p - a potion of lignification {unknown}
Comestibles
 f - 3 bread rations
 k - a royal jelly


   Skills:
 - Level 0.8 Fighting
 * Level 8.0 Short Blades
 - Level 2.3 Dodging
 - Level 3.0 Stealth
 + Level 4.2 Evocations


You had 6 spell levels left.
You didn't know any spells.

Dungeon Overview and Level Annotations

Branches:
Dungeon (4/15)
 Temple: D:4-7

Altars:
Vehumet

Annotations:
D:1 exclusion: gnoll
D:4 Menkaure


Innate Abilities, Weirdness & Mutations

You are small and have problems with some larger weapons.
You are somewhat resistant to further mutation.


Message History

a robe; a dagger
q - 63 stones (gained 1)
q - 64 stones (gained 1)
q - 65 stones (gained 1)
q - 66 stones (gained 1)
The orc is too close now for your liking.
The orc shouts!
The orc misses you.
The orc throws a stone.
The stone hits you but does no damage.
The orc warrior hits you with a battleaxe!!
Ouch! That really hurt!
The orc throws a stone.
The stone misses you.
You see here a stone.
The orc warrior hits you with a battleaxe!!
* * * LOW HITPOINT WARNING * * *
The orc throws a stone.
The stone hits you but does no damage.
You see here a stone.
The orc closely misses you.
The orc warrior hits you with a battleaxe.
You die...

.............)...รท####..###......
...##............###...####......
.........##..#...................
....#.#.....########.######......
#.#.#.......#####....# #......
#...#...###.......#### #......
##.....#####..#####..#### #......
#........###............# #######
#...........##o@.......####.....
##....#...####.o................
###.<.####..####(.......##.......
...............##.#..#####.......
..#..###..####....(..............
# #..# ##...##..#####.####(......
#..#####...#..## #..###.......
#........###...#####...........
###...########.#>...#####.##.....


You could see an orc warrior and an orc.

Vanquished Creatures
  An orc warrior (D:4)
  An ogre (D:4)
  A scorpion (D:4)
  3 orc priests
  A giant frog skeleton (D:4)
  Jessica (D:3)
  4 adders
  2 oozes
  A worm (D:2)
  4 giant geckos
  An orc (D:4)
  4 giant cockroaches
  13 hobgoblins
  5 kobolds
  4 ball pythons
  8 bats
  9 goblins
  14 jackals
  7 rats
84 creatures vanquished.

Vanquished Creatures (others)
  An orc wizard (D:3)
  An orc (D:4)
2 creatures vanquished.

Grand Total: 86 creatures vanquished

Notes
Turn   | Place    | Note
--------------------------------------------------------------
     0 | D:1      | Banto the Halfling Artificer began the quest for the Orb.
     0 | D:1      | Reached XP level 1. HP: 12/12 MP: 3/3
   307 | D:1      | Reached XP level 2. HP: 10/18 MP: 4/4
  1157 | D:1      | Reached XP level 3. HP: 22/22 MP: 5/5
  2024 | D:2      | Reached skill level 4 in Short Blades
  2093 | D:2      | Found a radiant altar of Vehumet.
  2140 | D:2      | Reached XP level 4. HP: 15/27 MP: 6/6
  3150 | D:3      | Reached skill level 5 in Short Blades
  3335 | D:3      | Reached XP level 5. HP: 26/32 MP: 7/7
  3440 | D:3      | Noticed an orc warrior
  3538 | D:3      | Noticed Jessica
  3559 | D:3      | Killed Jessica
  4381 | D:4      | Reached skill level 6 in Short Blades
  4381 | D:4      | Reached XP level 6. HP: 34/37 MP: 8/8
  4425 | D:4      | Noticed Menkaure
  4453 | D:4      | Noticed an orc warrior
  4466 | D:4      | Killed an orc warrior
  4466 | D:4      | Reached skill level 7 in Short Blades
  4466 | D:4      | Reached XP level 7. HP: 19/42 MP: 9/9
  4500 | D:4      | Noticed an ogre
  4512 | D:4      | Killed an ogre
  4512 | D:4      | Reached skill level 8 in Short Blades
  4980 | D:3      | Slain by an orc warrior

Vault maps used:
D:1:      saegor_arrival_simple_d
D:2:      fiery_altar_vehumet
D:3:      uniq_jessica
D:4:      cheibriados_altar_wand_db, minmay_misc_feat_ornament,
          kennysheep_donut, uniq_menkaure

Action                   |  1- 3 |  4- 6 |  7- 9 || total
-------------------------+-------+-------+-------++-------
Melee: Short sword       |   166 |   159 |    25 ||   350
Throw: Stone             |       |    10 |     3 ||    13
Evoke: Wand              |     4 |    14 |     3 ||    21
  Use: Scroll            |     3 |     3 |       ||     6
       Potion            |       |     2 |       ||     2
 Stab: Sleeping          |     4 |     3 |       ||     7
       Distracted        |       |     1 |       ||     1
       Confused          |       |     1 |       ||     1
  Eat: Chunk             |     4 |     7 |     2 ||    13
